 Dungeon Crawl Stone Soup version 0.20-a0-1026-gc3ddcbd (webtiles) character file.

15699 Gorglomux the Covert (level 12, -5/84 HPs)
             Began as an Octopode Assassin on Apr 20, 2017.
             Was an Elder of Dithmenos.
             Slain by a demonic crawler (11 damage)
             ... on level 2 of the Lair of Beasts.
             The game lasted 00:42:55 (15846 turns).

Gorglomux the Covert (Octopode Assassin)           Turns: 15846, Time: 00:42:55

Health: -5/84      AC:  3    Str:  9 (10) XL:     12   Next: 29%
Magic:  12/12      EV: 19    Int: 16 (18) God:    Dithmenos [****..]
Gold:   446        SH:  7    Dex: 15 (17) Spells: 3/11 levels left

rFire    . . .     SeeInvis .     - Unarmed
rCold    . . .     Gourm    .   z - +1 buckler {rPois}
rNeg     . . .     Faith    .   (helmet restricted)
rPois    +         Spirit   .   l - amulet of regeneration {+regen, !d}
rElec    +         Reflect  .   v - ring of flight {+Fly, !d}
rCorr    .         Harm     .   A - ring of stealth {Stlth+}
MR       .....                  B - +3 ring of intelligence
Stlth    ++++++++++             (no ring)
Regen    0.7/turn               (no ring)
MPRegen  0.2/turn               (no ring)
                                (no ring)
                                (no ring)

@: wreathed by umbra
A: almost no armour, stealthy swim, amphibious, 8 rings, constrict 8, molten
scales 1, camouflage 1, deterioration 1, electricity resistance, gelatinous body
1
a: Shadow Step, Renounce Religion, Evoke Flight


You were on level 2 of the Lair of Beasts.
You worshipped Dithmenos.
Dithmenos was greatly pleased with you.
You were not hungry.

You visited 3 branches of the dungeon, and saw 13 of its levels.
You also visited: Ice Cave.

You collected 603 gold pieces.
You spent 157 gold pieces at shops.

Inventory:

Hand Weapons
 a - a +2 short sword of speed
   (You took it off an orc on level 7 of the Dungeon)
 b - a +0 blowgun
Missiles
 c - 67 poisoned needles
 d - 13 curare-tipped needles
Armour
 z - a +1 buckler of poison resistance (worn)
   (You bought it in a shop on level 4 of the Dungeon)
Jewellery
 l - an amulet of regeneration (around mantle) {+regen, !d}
   (You found it on level 10 of the Dungeon)
 v - a ring of flight (left tentacle) {+Fly, !d}
   (You found it on level 2 of the Dungeon)
 A - a ring of stealth (right tentacle) {Stlth+}
   (You found it on level 5 of the Dungeon)
 B - a +3 ring of intelligence (on tentacle)
   (You found it on level 1 of the Lair of Beasts)
Wands
 p - a wand of iceblast (0/15)
   (You found it on level 8 of the Dungeon)
 q - a wand of acid (0/15)
   (You found it on level 4 of the Dungeon)
 r - a wand of polymorph (6/24)
   (You took it off Terence on level 2 of the Dungeon)
 y - a wand of digging (15/24)
   (You found it on level 3 of the Dungeon)
 D - a wand of confusion (11/48)
   (You found it on level 6 of the Dungeon)
 H - a wand of confusion (23/48)
   (You found it on level 7 of the Dungeon)
 J - a wand of acid (3/15)
   (You found it on level 2 of the Lair of Beasts)
Scrolls
 e - 10 scrolls of remove curse
 i - 3 scrolls of enchant armour
 j - 2 scrolls of random uselessness {unknown}
 k - 3 scrolls of enchant weapon {unknown}
 n - 5 scrolls of recharging
 w - 3 scrolls of fog
 x - a scroll of amnesia
 E - a scroll of blinking {!r}
 I - 3 scrolls of teleportation {unknown}
Potions
 m - 5 potions of curing
 s - a potion of agility
 t - 2 potions of brilliance
 u - a potion of haste {unknown}
 K - a potion of might
Books
 C - a book of Minor Magic
   (You found it on level 10 of the Dungeon)
 F - a book of Air
   (You found it on level 7 of the Dungeon)
 G - a book of Changes
   (You found it on level 7 of the Dungeon)
Comestibles
 f - 9 bread rations {@e1@e1}
 g - 7 meat rations {@e2@e2}
 h - 11 royal jellies
 o - 10 fruits


   Skills:
 + Level 8.5 Fighting
 - Level 5.2 Short Blades
   Level 0.2(4.2) Slings
 - Level 7.0 Throwing
 - Level 8.8 Dodging
 + Level 12.4 Stealth
 - Level 7.0 Shields
 * Level 7.9 Unarmed Combat
 + Level 0.0 Spellcasting
 * Level 0.0 Transmutations


You had 3 spell levels left.
You knew the following spells:

 Your Spells              Type           Power        Failure   Level  Hunger
a - Beastly Appendage     Tmut           #.....       26%         1    ##.....
s - Sticks to Snakes      Tmut           #.......     36%         2    ###....
x - Blade Hands           Tmut           #.........   100%        5    ######.


Dungeon Overview and Level Annotations

Branches:
Dungeon (10/15)            Temple (1/1) D:4            Lair (2/6) D:9
 Spider (0/4) Lair:2
  Swamp: Lair:2-4    Shoals: Lair:2-4       Orc: D:9-12

Altars:
Ashenzari
Cheibriados
Dithmenos
Elyvilon
Fedhas
Gozag
Hepliaklqana
Kikubaaqudgha
Nemelex Xobeh
Okawaru
Qazlal
Ru
Sif Muna
Vehumet
Wu Jian
Xom
Yredelemnul
Zin

Shops:
D:4 [   D:7 %*:[   D:10 :

Annotations:
D:3 dvd's ghost, amateur DsIE
Lair:2 exclusion: 2 oklob plants


Innate Abilities, Weirdness & Mutations

You cannot wear most types of armour.
You are very stealthy in the water. (Stealth+)
You are amphibious.
You can wear up to eight rings at the same time.
You can use your tentacles to constrict eight enemies at once.
Your skin changes colour to match your surroundings (Stealth+).
Your rubbery body absorbs attacks. (AC +1, EV +1)
You are partially covered in molten scales. (AC +2)
Your body sometimes deteriorates upon taking damage.
You are resistant to electric shocks. (rElec)


Message History

The komodo dragon is no longer covered in acid.
Aim: a komodo dragon (severely wounded, poisoned, umbra)
You shoot a poisoned needle.
The poisoned needle hits the komodo dragon!
The komodo dragon looks even sicker.
The komodo dragon closely misses you.
Aim: a komodo dragon (almost dead, poisoned, umbra)
You shoot a poisoned needle.
The poisoned needle hits the komodo dragon!
The komodo dragon looks as sick as possible!
You kill the komodo dragon!
Dithmenos accepts your kill.
You feel your intelligence returning.
You start resting.
Health restored: 84
c - 66 poisoned needles (gained 1)
c - 67 poisoned needles (gained 1)
You see here a hydra corpse.
A giant cockroach comes into view.
The giant cockroach moves out of view.
The giant cockroach is too close now for your liking.
A giant cockroach is nearby!
Okay, then.
Aim: a giant cockroach (clinging, hasn't noticed you, umbra)
You shoot a poisoned needle.
The poisoned needle hits the giant cockroach!
The giant cockroach is poisoned.
You kill the giant cockroach!
Dithmenos accepts your kill.
No target in view!
No target in view!
No target in view!
c - 67 poisoned needles (gained 1) Memorise Sticks to Snakes, consuming 2 spell levels and leaving 8?
You start memorising the spell.
You continue memorising. x2
You finish memorising.
Spell assigned to 's'.
This spell is impossible to cast!
Memorise Blade Hands, consuming 5 spell levels and leaving 3?
You start memorising the spell.
You continue memorising. x5
You finish memorising.
Spell assigned to 'x'.
The demonic crawler is too close now for your liking.
A demonic crawler is nearby!
A demonic crawler is nearby!
Your tentacles tingle!
a - a +2 short sword of speed (weapon)
Found a hole to the Spider Nest.
The demonic crawler gives a hideous shriek!
You hit the demonic crawler but do no damage.
You squeeze the demonic crawler! You hit the demonic crawler.
You squeeze the demonic crawler. The demonic crawler misses you.
The demonic crawler barely misses you.
The demonic crawler completely misses you.
You hit the demonic crawler. You squeeze the demonic crawler!
The demonic crawler closely misses you. The demonic crawler hits you!
The demonic crawler closely misses you.
You take 8 damage, and have 76/84 hp.
You hit the demonic crawler but do no damage.
You squeeze the demonic crawler! The demonic crawler hits you!
The demonic crawler hits you.
The demonic crawler completely misses you.
You take 18 damage, and have 58/84 hp.
MASSIVE DAMAGE!!
You hit the demonic crawler.
Wield which item (- for none, * to show all)? (? for menu, Esc to quit)
You are now empty-tentacled.
The demonic crawler hits you. The demonic crawler closely misses you.
The demonic crawler barely misses you.
You take 2 damage, and have 57/84 hp.
You tentacle-slap the demonic crawler.
You squeeze the demonic crawler, but do no damage.
The demonic crawler hits you!
The demonic crawler completely misses you.
The demonic crawler barely misses you.
You take 9 damage, and have 48/84 hp.
You tentacle-slap the demonic crawler. x2
Your shadow hits the demonic crawler but does no damage.
The demonic crawler misses you. You block the demonic crawler's attack.
The demonic crawler hits you!
You take 8 damage, and have 40/84 hp.
You tentacle-slap the demonic crawler but do no damage.
You block the demonic crawler's attack. The demonic crawler hits you!
The demonic crawler hits you.
You take 11 damage, and have 29/84 hp.
You completely miss the demonic crawler.
The demonic crawler hits you but does no damage.
The demonic crawler hits you!
* * * LOW HITPOINT WARNING * * *
Your body deteriorates!
You feel weakened. You block the demonic crawler's attack.
You take 13 damage, and have 16/84 hp.
Aim: a demonic crawler (severely wounded, clinging, umbra)
The bolt of acid hits the demonic crawler.
The demonic crawler is splashed with acid.
The acid corrodes the demonic crawler!
Evoking this partially-identified wand wasted a few charges.
The demonic crawler hits you!
* * * LOW HITPOINT WARNING * * *
The demonic crawler barely misses you. The demonic crawler misses you.
You take 10 damage, and have 6/84 hp.
The demonic crawler hits you!
You die...

#.#.≈≈≈≈†≈≈...#...............
####.≈s≈†............#[........
##########.......####.######
##...(..## #.# ##........# ##
.#....$....# #.........##
....#.s## ...##@.# ...#....# ..
##...# ##.:# ####


You could see a demonic crawler.

Vanquished Creatures
  A hydra (Lair:2)
  6 two-headed ogres
  An ugly thing (D:9)
  A centaur zombie (D:10)
  A spiny frog (Lair:2)
  3 komodo dragons
  3 trolls
  Grinder (D:4)
  2 hornets
  3 blink frogs (Lair:2)
  Prince Ribbit (D:6)
  A wyvern (D:9)
  7 yaks
  Eustachio (D:6)
  4 hogs (D:9)
  A human (D:9)
  Edmund (D:4)
  Menkaure (D:6)
  3 wargs
  3 sky beasts
  5 porcupines
  An orc warrior (D:10)
  2 black bears
  2 ogres
  2 necrophages (D:9)
  2 phantoms
  2 centaurs
  5 crocodiles
  A big kobold (D:8)
  Blork the orc (D:6)
  3 bullfrogs
  A gnoll sergeant (D:10)
  A wyvern zombie (D:10)
  4 scorpions
  A water moccasin skeleton (D:10)
  5 killer bees (D:10)
  2 electric eels (D:9)
  A howler monkey (D:6)
  5 crimson imps
  A quasit (D:9)
  2 jellies (D:6)
  Crazy Yiuf (D:4)
  A bullfrog skeleton (D:10)
  8 orc priests
  4 hounds
  3 centaur skeletons
  Jessica (D:10)
  2 iguanas
  Terence (D:2)
  7 worker ants
  Natasha (thrice) (D:2)
  9 orc wizards
  A hound zombie (D:7)
  7 gnolls
  8 adders
  16 white imps
  2 ufetubi (IceCv)
  An ooze (D:4)
  An adder skeleton (D:4)
  6 worms
  2 dart slugs
  3 leopard geckos
  33 orcs
  3 giant cockroaches
  7 goblins
  11 hobgoblins
  3 quokkas
  4 bats
  9 frilled lizards
  A jackal zombie (D:8)
  14 kobolds
  A leopard gecko skeleton (D:6)
  A quokka skeleton (D:8)
  A quokka zombie (D:8)
  11 rats
280 creatures vanquished.

Vanquished Creatures (others)
  2 white imps (IceCv)
  2 ufetubi (IceCv)
  20 fungi
  2 plants (Lair:2)
26 creatures vanquished.

Grand Total: 306 creatures vanquished

Notes
Turn   | Place    | Note
-------+----------+-------------------------------------------
     0 | D:1      | Gorglomux the Octopode Assassin began the quest for the Orb.
     0 | D:1      | Reached XP level 1. HP: 14/14 MP: 1/1
   125 | D:1      | Reached XP level 2. HP: 17/19 MP: 2/2
   178 | D:1      | HP: 4/19 [hobgoblin/club (5)]
   782 | D:1      | Reached XP level 3. HP: 21/24 MP: 3/3
  1345 | D:2      | Noticed Terence
  1353 | D:2      | Killed Terence
  1353 | D:2      | Reached skill level 2 in Dodging
  1353 | D:2      | Reached XP level 4. HP: 30/30 MP: 4/4
  1448 | D:2      | Noticed Natasha
  1457 | D:2      | Killed Natasha
  1457 | D:2      | Reached skill level 6 in Stealth
  1539 | D:2      | Noticed Natasha
  1554 | D:2      | HP: 5/30 [Natasha (7)]
  1556 | D:2      | Killed Natasha
  1730 | D:2      | Noticed Natasha
  1737 | D:2      | Killed Natasha
  1737 | D:2      | Reached XP level 5. HP: 16/36 MP: 5/5
  2470 | D:3      | Noticed dvd's ghost (amateur DsIE)
  2605 | D:3      | Reached skill level 3 in Throwing
  3191 | D:4      | Found a staircase to the Ecumenical Temple.
  3198 | Temple   | Entered the Ecumenical Temple
  3252 | Temple   | Became a worshipper of Dithmenos the Shadowed
  3300 | D:4      | Reached skill level 3 in Fighting
  3327 | D:4      | Noticed Grinder
  3347 | D:4      | Gained mutation: You occasionally shout uncontrollably at your foes. [potion of mutation]
  3347 | D:4      | Gained mutation: One of your tentacles bears a spike. [potion of mutation]
  3370 | D:4      | Paralysed by Grinder for 6 turns
  3387 | D:4      | Killed Grinder
  3387 | D:4      | Reached skill level 3 in Short Blades
  3387 | D:4      | Reached skill level 3 in Dodging
  3387 | D:4      | Reached skill level 7 in Stealth
  3387 | D:4      | Reached XP level 6. HP: 42/42 MP: 6/6
  3501 | D:4      | Reached XP level 7. HP: 42/46 MP: 7/7
  3513 | D:4      | Found an opulent altar of Gozag.
  3513 | D:4      | Found a glowing silver altar of Zin.
  3807 | D:4      | Found a runed door.
  4248 | D:4      | Noticed Edmund
  4254 | D:4      | Killed Edmund
  4254 | D:4      | Reached skill level 4 in Fighting
  4254 | D:4      | Reached skill level 4 in Short Blades
  4254 | D:4      | Reached skill level 4 in Throwing
  4254 | D:4      | Reached skill level 4 in Dodging
  4460 | D:4      | Found Xusekh's Antique Armour Shoppe.
  4463 | D:4      | Bought a shiny buckler for 157 gold pieces
  4609 | D:4      | Noticed Crazy Yiuf
  4613 | D:4      | Killed Crazy Yiuf
  4613 | D:4      | Reached XP level 8. HP: 54/54 MP: 8/8
  4668 | D:5      | Entered Level 5 of the Dungeon
  4701 | D:5      | Reached * piety under Dithmenos
  4735 | D:5      | Reached skill level 8 in Stealth
  4735 | D:5      | Reached skill level 1 in Shields
  5776 | D:6      | Noticed Prince Ribbit
  5784 | D:6      | Killed Prince Ribbit
  5784 | D:6      | Reached skill level 2 in Shields
  5984 | D:6      | Noticed Eustachio
  6109 | D:6      | HP: 13/54 [iron imp[Eustachio] (4)]
  6111 | D:6      | Killed Eustachio
  6111 | D:6      | Reached skill level 5 in Fighting
  6111 | D:6      | Reached skill level 3 in Shields
  6338 | D:6      | Gorglomux: constrict
  6338 | D:6      | Gorglomux: ??constrict
  6338 | D:6      | beem: constriction[1/6]: Nagas, octopodes (both player and monster), ball pythons, anacondas, tentacles- both vanilla and eldritch flavours- and tentacled monstrosities get this as an extra attack. Holds the target in place and deals increasing damage over time.
  6338 | D:6      | Gorglomux: ??constrict[2
  6338 | D:6      | beem: constriction[2/6]: Players and monsters can only constrict things of the same size or smaller. Teleporting allows you to escape and break constriction. Blinking counts as two escape attempts for escaping (see next entry).
  6338 | D:6      | Gorglomux: ??constrict[3
  6338 | D:6      | beem: constriction[3/6]: Chance to constrict depends on the attacker's size and strength/HD versus the defenders size and EV. The chance to escape depends on str, size and number of escape attempts versus the constrictor's strength or HD.
  6338 | D:6      | Gorglomux: ??constrict[4
  6338 | D:6      | beem: constriction[4/6]: Using tomahawks of dispersal on the thing constricting you allows escape (for now). Also: polymorphing it; becoming larger than it; invoking sanctuary; moving it with tornado.
  6338 | D:6      | Gorglomux: ??constrict[
  6338 | D:6      | beem: I don't have a page labeled constrict[ in my learndb.
  6338 | D:6      | Gorglomux: ??constrict[5
  6338 | D:6      | beem: constriction[5/6]: Octopodes can constrict up to eight creatures, depending on what they are wielding; others can constrict only one.
  6338 | D:6      | Gorglomux: ??constrict[6
  6338 | D:6      | beem: constriction[6/6]: Constricted monsters have their EV divided by [their body size] + 2. A tiny monster has its ev divided by 2, a little monster 3, small 4, medium 5, large 6, big 7, giant 8. Constricted players always have their EV reduced by 3.
  6647 | D:6      | Found a radiant altar of Vehumet.
  6674 | D:6      | Reached XP level 9. HP: 46/61 MP: 9/9
  6881 | D:6      | You fall through a shaft!
  7023 | D:6      | Noticed Menkaure
  7027 | D:6      | Killed Menkaure
  7027 | D:6      | Reached skill level 5 in Short Blades
  7027 | D:6      | Reached skill level 5 in Dodging
  7073 | D:6      | Reached skill level 9 in Stealth
  7301 | D:6      | Noticed Blork the orc
  7308 | D:6      | Killed Blork the orc
  7429 | D:6      | HP: 15/61 [orc priest/divine providence (13)]
  7435 | D:5      | HP: 12/61 [orc/short sword (4)]
  7816 | D:7      | Found Bykiesav's Armour Emporium.
  7891 | D:7      | Reached ** piety under Dithmenos
  7899 | D:7      | Reached skill level 4 in Shields
  8033 | D:7      | Reached skill level 5 in Throwing
  8201 | D:7      | Learned a level 1 spell: Beastly Appendage
  8503 | D:7      | Found Odanamar's Book Shoppe.
  8676 | D:7      | Found Yvekhaoch's General Store.
  8686 | D:7      | Found Pecaq's Food Shop.
  9065 | D:8      | Noticed a two-headed ogre
  9122 | D:8      | Killed a two-headed ogre
  9122 | D:8      | Reached skill level 6 in Dodging
  9122 | D:8      | Reached skill level 5 in Shields
  9122 | D:8      | Reached skill level 1 in Unarmed Combat
  9429 | D:8      | Reached XP level 10. HP: 68/68 MP: 10/10
  9482 | D:8      | Found a sparkling altar of Nemelex Xobeh.
  9482 | D:8      | Noticed a two-headed ogre
  9495 | D:8      | Killed a two-headed ogre
  9495 | D:8      | Reached skill level 6 in Fighting
  9495 | D:8      | Reached skill level 10 in Stealth
  9495 | D:8      | Reached skill level 6 in Shields
  9495 | D:8      | Reached skill level 2 in Unarmed Combat
  9764 | D:8      | Noticed a two-headed ogre
  9783 | D:8      | Killed a two-headed ogre
  9783 | D:8      | Reached skill level 6 in Throwing
  9800 | D:8      | Found a basalt altar of Yredelemnul.
  9897 | D:8      | Found a blossoming altar of Fedhas.
  9897 | D:8      | Found an ancient bone altar of Kikubaaqudgha.
  9920 | D:8      | Found a snail-covered altar of Cheibriados.
  9922 | D:8      | Found a white marble altar of Elyvilon.
  9924 | D:8      | Found a faded altar of an unknown god.
 10065 | D:8      | Found a white marble altar of Elyvilon.
 10274 | D:9      | Found a shattered altar of Ashenzari.
 10317 | D:9      | Reached skill level 3 in Unarmed Combat
 10483 | D:9      | Reached skill level 7 in Shields
 10566 | D:9      | Found a staircase to the Lair.
 10578 | D:8      | HP: 13/69 [warg (5)]
 10592 | D:8      | HP: 25/103 [warg (9)]
 10594 | D:8      | Reached *** piety under Dithmenos
 10606 | D:8      | HP: 18/103 [warg (8)]
 10984 | D:9      | Noticed a two-headed ogre
 10993 | D:9      | Noticed a green ugly thing
 10994 | D:9      | Noticed a centaur warrior
 10994 | D:9      | Noticed a deep elf mage
 10994 | D:9      | Noticed a cyclops
 11001 | D:9      | Reached skill level 7 in Dodging
 11018 | D:9      | Killed a green ugly thing
 11018 | D:9      | Reached XP level 11. HP: 74/74 MP: 11/11
 11128 | D:9      | Reached skill level 4 in Unarmed Combat
 11367 | D:9      | Reached skill level 11 in Stealth
 11393 | D:9      | Found a hazy altar of Hepliaklqana.
 11394 | D:9      | Noticed a two-headed ogre
 11432 | D:9      | Killed a two-headed ogre
 11432 | D:9      | Reached skill level 7 in Fighting
 11595 | D:9      | Found a shimmering altar of Xom.
 11812 | D:9      | HP: 14/75 [hog (14)]
 11827 | D:9      | HP: 16/75 [hog (1)]
 11829 | D:9      | Reached skill level 7 in Throwing
 12218 | D:10     | Entered Level 10 of the Dungeon
 12506 | D:10     | Noticed a two-headed ogre
 12605 | D:10     | Killed a two-headed ogre
 12605 | D:10     | Reached skill level 5 in Unarmed Combat
 12720 | D:10     | Found Gammoebb's Book Shoppe.
 12880 | D:10     | Reached **** piety under Dithmenos
 13039 | D:10     | Noticed a two-headed ogre
 13073 | D:10     | Killed a two-headed ogre
 13219 | D:10     | Reached skill level 6 in Unarmed Combat
 13338 | D:10     | Reached skill level 8 in Dodging
 13338 | D:10     | Reached skill level 12 in Stealth
 13435 | D:10     | Noticed Jessica
 13441 | D:10     | Killed Jessica
 13442 | D:10     | Found a deep blue altar of Sif Muna.
 13647 | Lair:1   | Entered Level 1 of the Lair of Beasts
 13829 | Lair:1   | Got a dazzling quarterstaff
 13843 | Lair:1   | Reached skill level 8 in Fighting
 13921 | Lair:1   | Lost mutation: One of your tentacles bears a spike. [potion of mutation]
 13921 | Lair:1   | Lost mutation: You occasionally shout uncontrollably at your foes. [potion of mutation]
 13921 | Lair:1   | Gained mutation: You are resistant to electric shocks. (rElec) [potion of mutation]
 13921 | Lair:1   | Gained mutation: Your body sometimes deteriorates upon taking damage. [potion of mutation]
 13921 | Lair:1   | Gained mutation: You are partially covered in molten scales. (AC +2) [potion of mutation]
 14281 | Lair:2   | Found a frozen archway.
 14320 | Lair:2   | HP: 15/77 [white imp/puff of frost (11)]
 14457 | Lair:2   | HP: 17/77 [white imp/puff of frost (10)]
 14569 | IceCv    | Entered an ice cave
 14593 | IceCv    | Reached XP level 12. HP: 66/82 MP: 12/12
 14670 | Lair:2   | Reached skill level 7 in Unarmed Combat
 14755 | Lair:2   | HP: 8/83 [porcupine (14)]
 14994 | Lair:2   | HP: 19/83 [porcupine's spines (16)]
 14995 | Lair:2   | HP: 8/83 [porcupine's spines (12)]
 14998 | Lair:2   | HP: 2/83 [porcupine (8)]
 15376 | Lair:2   | Gorglomux: ??butterfly
 15376 | Lair:2   | beem: butterfly[1/9]: A deadly crawl monster only surpassed by the Toenail Golem. FLEE FOR YOUR LIFE IF YOU SEE ONE! Shoots hellfire from its proboscis and has an irresistible paralyze attack. Has been known to dual wield quick blades of distortion. Also reported being smiting!
 15376 | Lair:2   | Gorglomux: ??butterfly[2
 15376 | Lair:2   | beem: butterfly[2/9]: did my butterflies... just.. kill an orcish knight?
 15376 | Lair:2   | Gorglomux: ??butterfly[3
 15376 | Lair:2   | beem: butterfly[3/9]: Fun fact; Butterflies roam around while asleep!
 15376 | Lair:2   | Gorglomux: ??butterfly[4
 15376 | Lair:2   | beem: butterfly[4/9]: Fun fact #2; all monsters roam around if confused and put to sleep!
 15376 | Lair:2   | Gorglomux: ??butterfly[5
 15376 | Lair:2   | beem: butterfly[5/9]: Butterflies are especially sadistic, and WILL follow you up stairs.
 15376 | Lair:2   | Gorglomux: ??butterfly[6
 15376 | Lair:2   | beem: butterfly[6/9]: Your butterfly hits the orc wizard. The orc wizard dies! Your butterfly looks stronger.
 15376 | Lair:2   | Gorglomux: ??butterfly[7
 15376 | Lair:2   | beem: butterfly[7/9]: Autoexplore canceled. The butterfly is too close for your liking.
 15376 | Lair:2   | Gorglomux: ??butterfly[8
 15376 | Lair:2   | beem: butterfly[8/9]: http://www.youtube.com/watch?v=BzYSCSUDIs0
 15376 | Lair:2   | Gorglomux: ??butterfly[9
 15376 | Lair:2   | beem: butterfly[9/9]: tragically nerfed in 0.15; was, formerly, tougher than a goblin.
 15503 | Lair:2   | HP: 18/84 [yak (16)]
 15516 | Lair:2   | HP: 12/84 [yak (12)]
 15635 | Lair:2   | Noticed a seven-headed hydra
 15662 | Lair:2   | Killed a seven-headed hydra
 15802 | Lair:2   | Learned a level 2 spell: Sticks to Snakes
 15808 | Lair:2   | Learned a level 5 spell: Blade Hands
 15818 | Lair:2   | Found a hole to the Spider Nest.
 15844 | Lair:2   | HP: 16/84 [demonic crawler (13)]
 15845 | Lair:2   | HP: 6/84 [demonic crawler (11)]
 15846 | Lair:2   | Slain by a demonic crawler

Vault maps used:
D:1:      dpeg_arrival_chase
D:2:      minmay_misc_feat_rows, uniq_natasha, uniq_terence
D:4:      grunt_temple_overflow_gold_and_silver,
          minmay_temple_entry_purple_smoke, serial_shops, kennysheep_mini,
          serial_aquarium, aquarium_bridge_island_small,
          aquarium_bridge_straight, aquarium_window_1, aquarium_window_3,
          aquarium_window_fake, aquarium_view_2b, aquarium_balcony_3b,
          aquarium_pool_2, uniq_grinder, uniq_crazy_yiuf_cottage, uniq_edmund
D:5:      first_bread
D:6:      kennysheep_flooded_box, uniq_menkaure, uniq_blork_the_orc,
          uniq_eustachio, uniq_prince_ribbit1
D:7:      serial_shops, shop_statue, shop, shop_fountains, shop
D:8:      marbit_many_paths, old_standard_altar,
          chequers_temple_overflow_minitemple, basic_altar
D:9:      nicolae_ashenzari_panopticon, overflow_temple_1_default,
          lemuel_round_altar, erik_lair_orcish_takeover, grunt_livestock,
          serial_park_tiny_1, minivault_12
D:10:     serial_shops, shop, tgw_sif
Temple:   jpeg_temple_clearing
Lair:2:   nicolae_spider_entry_non_spiders, portal_ice_cave_entry_imps,
          grunt_megastairs_2, minmay_lair_oklob_chamber,
          infiniplex_staircase_pool_2
IceCv:    ice_cave_small_demon

Skill      XL: |  1  2  3  4  5  6  7  8  9 10 11 12 |
---------------+-------------------------------------+-----
Dodging        | 2 3 4 6 7 8 |  8.8
Stealth        | 6 7 8 9 10 12 | 12.4
Throwing       | 3 4 5 6 7 |  7.0
Fighting       | 3 4 5 6 8 |  8.5
Short Blades   | 3 4 5 |  5.2
Shields        | 3 5 7 |  7.0
Unarmed Combat | 1 3 6 7 |  7.9
Slings         | |  0.2

Action                   |  1- 3 |  4- 6 |  7- 9 | 10-12 || total
-------------------------+-------+-------+-------+-------++-------
Melee: Dagger            |    43 |    69 |   240 |       ||   352
       Constrict         |     9 |    14 |    48 |    63 ||   134
       Tentacles         |     6 |     4 |    55 |   116 ||   181
       Kick              |       |       |    92 |   123 ||   215
       Short sword       |       |       |    22 |   419 ||   441
       Punch             |       |       |       |    33 ||    33
       Unarmed           |       |       |       |   172 ||   172
 Fire: Hunting sling     |    37 |       |       |       ||    37
       Blowgun           |     5 |    10 |    54 |    49 ||   118
Throw: Stone             |    17 |    22 |     3 |     2 ||    44
       Tomahawk          |       |    64 |    29 |     6 ||    99
Evoke: Wand              |       |       |       |    16 ||    16
  Use: Scroll            |     2 |       |     8 |     1 ||    11
       Potion            |       |     5 |       |     3 ||     8
 Stab: Sleeping          |     4 |     3 |    19 |    23 ||    49
       Confused          |       |       |       |     2 ||     2
       Distracted        |       |       |       |     4 ||     4
  Eat: Chunk             |     1 |     7 |    17 |    17 ||    42
       Bread ration      |       |       |       |     1 ||     1
Armor: Skin              |     7 |    11 |     2 |    20 ||    40
Dodge: Dodged            |    24 |    25 |   148 |   322 ||   519
Block: Buckler           |       |       |       |   114 ||   114

Vault maps used:
D:1:      dpeg_arrival_chase
D:2:      minmay_misc_feat_rows, uniq_natasha, uniq_terence
D:4:      grunt_temple_overflow_gold_and_silver,
          minmay_temple_entry_purple_smoke, serial_shops, kennysheep_mini,
          serial_aquarium, aquarium_bridge_island_small,
          aquarium_bridge_straight, aquarium_window_1, aquarium_window_3,
          aquarium_window_fake, aquarium_view_2b, aquarium_balcony_3b,
          aquarium_pool_2, uniq_grinder, uniq_crazy_yiuf_cottage, uniq_edmund
D:5:      first_bread
D:6:      kennysheep_flooded_box, uniq_menkaure, uniq_blork_the_orc,
          uniq_eustachio, uniq_prince_ribbit1
D:7:      serial_shops, shop_statue, shop, shop_fountains, shop
D:8:      marbit_many_paths, old_standard_altar,
          chequers_temple_overflow_minitemple, basic_altar
D:9:      nicolae_ashenzari_panopticon, overflow_temple_1_default,
          lemuel_round_altar, erik_lair_orcish_takeover, grunt_livestock,
          serial_park_tiny_1, minivault_12
D:10:     serial_shops, shop, tgw_sif
Temple:   jpeg_temple_clearing
Lair:2:   nicolae_spider_entry_non_spiders, portal_ice_cave_entry_imps,
          grunt_megastairs_2, minmay_lair_oklob_chamber,
          infiniplex_staircase_pool_2
IceCv:    ice_cave_small_demon

Table legend:
 A = Turns spent in this place as a percentage of turns spent in the entire game.
 B = Non-inter-level travel turns spent in this place as a percentage of non-inter-level travel turns spent in the entire game.
 C = Inter-level travel turns spent in this place as a percentage of turns spent in this place.
 D = Turns resting spent in this place as a percentage of non-inter-level travel turns spent in this place.
 E = Turns spent auto-exploring this place as a percentage of non-inter-level travel turns spent in this place.
 F = Non-inter-level travel turns spent in this place divided by the number of levels of this place that you've seen.
                   A       B       C       D       E      F
               +-------+-------+-------+-------+-------+----------------------
         Total | 100.0 | 100.0 |   0.6 |   2.3 |   7.0 | 335.6
       Dungeon |  81.8 |  81.7 |   0.6 |   2.2 |   7.4 | 383.9
        Temple |   0.6 |   0.6 |   3.6 |   0.0 |  22.2 |  27.0
          Lair |  16.7 |  16.7 |   0.3 |   3.1 |   4.7 | 393.0
      Ice Cave |   1.0 |   1.0 |   0.0 |   0.0 |   2.2 |  46.0
               +-------+-------+-------+-------+-------+----------------------

Table legend:
 A = Kills in this place as a percentage of kills in entire the game.
 B = Kills by you in this place as a percentage of kills by you in the entire game.
 C = Kills by friends in this place as a percentage of kills by friends in the entire game.
 D = Other kills in this place as a percentage of other kills in the entire game.
 E = Experience gained in this place as a percentage of experience gained in the entire game.
 F = Experience gained in this place divided by the number of levels of this place that you have seen.
                   A       B       C       D       E      F
               +-------+-------+-------+-------+-------+----------------------
         Total | 100.0 | 100.0 |  -nan |  -nan | 100.0 | 1602.0
       Dungeon |  83.2 |  83.2 |  -nan |  -nan |  74.6 | 1673.0
          Lair |  14.6 |  14.6 |  -nan |  -nan |  25.2 | 2823.0
      Ice Cave |   2.1 |   2.1 |  -nan |  -nan |   0.2 |  52.0
               +-------+-------+-------+-------+-------+----------------------
